 Dungeon Crawl Stone Soup version 0.31.0-12-g77e489cdc1 (webtiles) character file.

Game seed: 5901408928459475568

8 FinalFate the Cudgeller (level 2, -4/40 HPs)
             Began as a Minotaur Berserker on Feb 28, 2024.
             Was a Follower of Trog.
             Slain by Terence
             ... wielding a +0 trident
              (6 damage)
             ... on level 2 of the Dungeon.
             The game lasted 00:01:11 (200 turns).

FinalFate the Cudgeller (Minotaur Berserker)         Turns: 200, Time: 00:01:12

Health: -4/40      AC:  2    Str: 21    XL:     2   Next: 0%
Magic:  1/1        EV: 12    Int:  4    God:    Trog [*.....]
Gold:   12         SH:  0    Dex:  9    Spells: 1/1 levels left

rFire   . . .        a - +0 mace
rCold   . . .        (no shield)
rNeg    . . .        b - +0 animal skin
rPois   .            (helmet restricted)
rElec   .            (no cloak)
rCorr   .            (no gloves)
SInv    .            (no boots)
Will    .....        (no amulet) Stlth
                     (no ring)
HPRegen 0.26/turn    (no ring)
MPRegen 0.07/turn

%: no passive effects
@: berserking, very quick
A: horns 2, retaliatory headbutt
a: Renounce Religion, Berserk


You were on level 2 of the Dungeon.
You worshipped Trog.
Trog was aware of your devotion.
You visited 1 branch of the dungeon, and saw 2 of its levels.

You collected 12 gold pieces.

Inventory:

Hand Weapons
 a - a +0 mace (weapon)
Armour
 b - a +0 animal skin (worn)
Scrolls
 c - 5 scrolls of revelation {unknown}
 d - a scroll of blinking {unknown}


   Skills:
 * Level 3.9 Fighting
 * Level 3.9 Maces & Flails
 * Level 2.5 Armour
 * Level 2.2 Dodging


You had one spell level left.
You didn't know any spells.
Your spell library was empty.

Dungeon Overview and Level Annotations

Branches:
Dungeon (1/15)

Altars:

Annotations:
D:2 Terence


Innate Abilities, Weirdness & Mutations

You have a pair of horns on your head.
You reflexively headbutt those who attack you in melee.


Message History

The endoplasm completely misses you. The endoplasm barely misses you.
You see here a hobgoblin corpse.
You thump the endoplasm!
You kill the endoplasm!
Trog accepts your kill. The endoplasm freezes you.
You are frozen.
You barely miss the endoplasm. The endoplasm freezes you.
You are frozen.
You sock the endoplasm!
You kill the endoplasm!
Trog accepts your kill.
You have reached level 2!
HP restored.
Terence the Incautious comes into view.
He is wielding a +0 trident.
Terence shouts!
Terence hits you from afar with a +0 trident.
Terence shouts, "ATTACK!!!"
Terence hits you with a +0 trident!
You closely miss Terence. Your headbutt misses Terence.
Terence barely misses you.
You barely miss Terence. Terence closely misses you. You furiously retaliate!
You headbutt Terence. Terence closely misses you.
You hit Terence. You headbutt Terence.
Terence is heavily wounded.
Terence hits you with a +0 trident.
You hit Terence but do no damage. Your headbutt misses Terence.
Terence is heavily wounded.
Terence hits you with a +0 trident.
* * * LOW HITPOINT WARNING * * *
A red film seems to cover your vision as you go berserk!
You feel yourself moving faster!
You feel mighty! Terence hits you with a +0 trident!
* * * LOW HITPOINT WARNING * * *
You sock Terence!
Terence is almost dead.
Terence hits you with a +0 trident.
You die...
Terence says, "That felt goooood."

.. ... ....
....############
...............#
........@@......
####....######.#
####.## #.#
#..### #.#
###...###.# #
#.........#
#.>.......#
#.........##
#..........##


You could see Terence.

Vanquished Creatures
  A dart slug (D:2)
  2 endoplasms (D:2)
  A hobgoblin (D:2)
  A kobold (D:2)
5 creatures vanquished.

Notes
Turn   | Place    | Note
-------+----------+-------------------------------------------
     0 | D:1      | FinalFate the Minotaur Berserker began the quest for the
                  | Orb.
     0 | D:1      | Reached XP level 1. HP: 19/19 MP: 0/0
     8 | D:1      | You fall into a shaft and drop 1 floor!
   113 | D:2      | Reached XP level 2. HP: 12/27 MP: 1/1
   190 | D:2      | Noticed Terence
   199 | D:2      | HP: 2/40 [Terence/+0 trident (8)]
   200 | D:2      | Slain by Terence

Illustrated notes

Levels and vault maps discovered:
D:1:      minmay_arrival_arboretum_small, layout_basic,
          dreamdust_ecumenical_altar_grove, hangedman_decor_opposing,
          st_stairs_14, minmay_worlds_worst_comb
D:2:      layout_basic, minivault_19, uniq_terence

Action                     || total
---------------------------++-------
  Melee: Mace              ||    13
         Headbutt          ||     3
 Invoke: Berserk           ||     1
 Armour: Animal skin       ||    12
  Dodge: Dodged            ||     7
